 Dungeon Crawl Stone Soup version 0.19.0-2-gae57169 (webtiles) character file.

665458 Gravenous the Sniper (level 27, -13/255 (283) HPs)
             Began as a Minotaur Berserker on Nov 4, 2016.
             Was the Champion of the Shining One.
             Killed by divine providence
             ... invoked by a greater mummy
              (15 damage)
             ... on level 1 of the Tomb of the Ancients on Nov 5, 2016.
             The game lasted 03:02:57 (60854 turns).

Gravenous the Sniper (Minotaur Berserker)          Turns: 60854, Time: 03:02:59

HP:   -13/255 (283) AC: 36    Str: 32    XL:     27
MP:   9/9           EV: 22    Int:  4    God:    the Shining One [******]
Gold: 3737          SH:  0    Dex: 22    Spells: 2 memorised, 22 levels left

rFire  + + .     SeeInvis +     Q - +9 executioner's axe (antimagic)
rCold  + + +     Gourm    .     M - +8 plate armour "Pyhidda" {rF+ rC+++ Int-3}
rNeg   + + +     Faith    .     (shield currently unavailable)
rPois  +         Spirit   .     P - +0 hat of the Skies Above {MR++ Dex+7} (curse)
rElec  +         Reflect  .     n - +0 cloak {rPois}
rCorr  .         Harm     .     d - +1 pair of gloves {Dex+3}
MR     ++++.                    B - +0 pair of boots "Qeuhu" {+Inv} (curse)
Stlth  ..........               U - amulet of regeneration
                                V - ring of protection from fire
                                N - ring "Ukichust" {*Drain rElec rPois Dex+2 SInv}

@: exhausted, slowed, glowing, very slow
A: retaliatory headbutt, horns 2, low mp 1, robust 1
a: Divine Shield, Cleansing Flame, Summon Divine Warrior, Renounce Religion,
Evoke Invisibility
}: 5/15 runes: decaying, slimy, silver, abyssal, gossamer


You were on level 1 of the Tomb of the Ancients.
You worshipped the Shining One.
The Shining One was exalted by your worship.
You were not hungry.

You visited 12 branches of the dungeon, and saw 55 of its levels.
You visited the Abyss 1 time.
You visited 1 bazaar.
You also visited: Labyrinth, Ossuary and Ice Cave.

You collected 7254 gold pieces.
You spent 3517 gold pieces at shops.

Inventory:

Hand Weapons
 G - a +8 triple crossbow of holy wrath
 Q - a +9 antimagic executioner's axe (weapon)
Missiles
 y - 2005 bolts
Armour
 d - a +1 pair of gloves of dexterity (worn)
 n - a +0 cloak of poison resistance (worn)
 s - +0 gold dragon scales
 B - the cursed +0 pair of boots "Qeuhu" (worn) {+Inv}
   (You found it on level 5 of the Vaults)

   It lets you turn invisible.
   It has a curse placed upon it.
 M - the +8 plate armour "Pyhidda" (worn) {rF+ rC+++ Int-3}
   (You bought it in a shop in a bazaar)

   It affects your intelligence (-3).
   It protects you from fire.
   It renders you almost immune to cold.
 P - the cursed +0 hat of the Skies Above (worn) {MR++ Dex+7}
   (You found it on level 5 of the Vaults)

   It affects your dexterity (+7).
   It affects your resistance to hostile enchantments.
   It has a curse placed upon it.
Rods
 v - a +1 lightning rod (9/9)
   (You found it on level 2 of the Swamp)
Jewellery
 a - the ring of Teizxarari {+Fly rC+ Dex+3}
   (You found it on level 2 of the Abyss)

   [ring of dexterity]

   It affects your dexterity (+3).
   It protects you from cold.
   It lets you fly.
 i - the ring "Fiuty" {rPois rN+}
   (You found it on level 1 of the Abyss)

   [ring of poison resistance]

   It protects you from poison.
   It protects you from negative energy.
 t - the ring of Urghohump {rC+ rN+ Int+3}
   (You found it on level 3 of the Crypt)

   [ring of positive energy]

   It affects your intelligence (+3).
   It protects you from cold.
   It protects you from negative energy.
 z - the ring "Aracwaad" {rElec rN+ MR++ Str-3 Slay+2}
   (You found it on level 3 of the Crypt)

   [ring of positive energy]

   It affects your strength (-3).
   It affects your accuracy and damage with ranged weapons and melee attacks
   (+2).
   It insulates you from electricity.
   It protects you from negative energy.
   It affects your resistance to hostile enchantments.
 N - the ring "Ukichust" (left hand) {*Drain rElec rPois Dex+2 SInv}
   (You found it on level 5 of the Vaults)

   [ring of see invisible]

   It affects your dexterity (+2).
   It insulates you from electricity.
   It protects you from poison.
   It lets you see invisible.
   It causes draining when unequipped.
 U - an amulet of regeneration (around neck)
 V - a ring of protection from fire (right hand)
Wands
 H - a wand of digging (8/24)
 J - a wand of disintegration (15/24)
Scrolls
 h - 16 scrolls of recharging
 k - 2 scrolls of silence
 l - 2 scrolls of identify
 r - 6 scrolls of fear
 u - a scroll of summoning
 w - 18 scrolls of remove curse (quivered)
 C - 4 scrolls of blinking
 K - 11 scrolls of teleportation
 O - 5 scrolls of fog
 W - 5 scrolls of magic mapping
 Z - 7 scrolls of enchant armour
Potions
 b - 21 potions of curing
 e - 5 potions of cure mutation
 g - 9 potions of haste
 j - 3 potions of cancellation
 o - 9 potions of flight
 p - 2 potions of agility
 q - 3 potions of ambrosia
 A - 5 potions of resistance
 L - 2 potions of might
 X - 5 potions of magic
 Y - 2 potions of heal wounds
Miscellaneous
 m - a phial of floods
 D - a fan of gales
 T - a phantom mirror
Comestibles
 c - a bread ration
 f - 27 meat rations
 x - 15 beef jerkies
 E - 9 slices of pizza
 F - 52 fruits
 S - 20 royal jellies


   Skills:
 - Level 23.0 Fighting
 - Level 26.0 Axes
 - Level 26.1 Crossbows
 - Level 24.9 Armour
 - Level 16.0 Dodging
 * Level 13.9 Invocations


You had 22 spell levels left.
You knew the following spells:

 Your Spells              Type           Power        Failure   Level  Hunger
a - Blink                 Tloc           N/A          99%         2    ###....
b - Repel Missiles        Chrm/Air       #.....       99%         2    ###....


Dungeon Overview and Level Annotations

Branches:
Dungeon (15/15)            Temple (1/1) D:4            Lair (6/6) D:9
  Swamp (4/4) Lair:4       Spider (4/4) Lair:2        Slime (5/5) Lair:5
    Orc (2/2) D:12            Elf (3/3) Orc:2        Vaults (5/5) D:13
  Crypt (3/3) Vaults:2       Tomb (2/3) Crypt:3      Depths (5/5) D:15
    Zot (0/5) Depths:5

Altars:
Ashenzari
Cheibriados
Elyvilon
Fedhas
Gozag
Kikubaaqudgha
Makhleb
Nemelex Xobeh
Okawaru
Qazlal
Ru
Sif Muna
Trog
Uskayaw
Vehumet
Xom
Yredelemnul
The Shining One
Jiyva

Shops:
D:7 (   D:8 (   D:9 *   Orc:2 =(*[   Elf:3 }   Vaults:2 ?   Vaults:4 (
Depths:1 *   Depths:2 =(

Portals:
Hell: Depths:1 Depths:2 Depths:3 Depths:4 Depths:5
Abyss: Depths:3 Depths:4
Pandemonium: Depths:3 Depths:5
Ziggurat: Depths:4

Annotations:
Elf:2 3 runed doors


Innate Abilities, Weirdness & Mutations

You reflexively headbutt those who attack you in melee.
You have a pair of horns on your head.
Your magical capacity is low. (-10% MP)
You are robust. (+10% HP)


Message History

The greater mummy casts a spell.
The death scarab bites you!
* * * LOW HITPOINT WARNING * * *
The greater mummy casts a spell.
The phantasmal warrior hits you!
* * * LOW HITPOINT WARNING * * *
The greater mummy mumbles some strange words.
You chop the phantasmal warrior into pieces!!!
You destroy the phantasmal warrior!
You hit the death scarab. The death scarab bites you!!
* * * LOW HITPOINT WARNING * * *
The death scarab drains your vigour!
You feel yourself slow down. The death scarab bites you!
* * * LOW HITPOINT WARNING * * *
The death scarab drains your vigour!
You feel as though you will be slow longer.
The greater mummy gestures wildly while chanting.
The greater mummy casts a spell at you. Something smites you!
You die... ..# #..........# 8.# ....' #..........# ..# . #4... #..........# ..# WS#3.W. #..........# 8.# MMWWzz #......)...# ..# #ZWS3 #..........# ..# .M#zMWM

#..........# 8.#
.zZMWZs####..........# ..#
#@.##..........# ..#
#.>##..........# 8.#
#####..........#
..##################.......:..#
..............................#
8.............................#
..............................#
..............................#
..............................#


You could see 5 greater mummies, 4 shadow wraiths, 2 mana vipers, a freezing
wraith, a spectral quicksilver dragon, a hungry ghost, 2 neqoxecs, a chaos
spawn, a death scarab, a shadow, 4 flying skulls, a mummy, an anaconda
simulacrum and a swamp dragon zombie.

Vanquished Creatures
  the Royal Jelly (Slime:5)
  An ancient lich (Crypt:3)
  Mennas (Tomb:1)
  Mara (Vaults:4)
  6 greater mummies
  Boris (Vaults:2)
  Saint Roka (Depths:1)
  4 golden dragons
  2 caustic shrikes (Depths:4)
  Nikola (Elf:1)
  5 bone dragons
  Jory (Vaults:3)
  Arachne (Spider:4)
  Jorgrun (Vaults:1)
  Rupert (Lair:3)
  5 titans
  2 deep elf master archers (Elf:3)
  8 liches
  8 tentacled monstrosities
  2 deep elf blademasters (Elf:3)
  2 quicksilver dragons
  9 tentacled starspawn
  6 ancient champions
  25 acid blobs
  10 tengu reavers
  10 sphinxes
  4 thorn hunters
  Donald (Swamp:1)
  6 shadow dragons
  6 storm dragons
  6 azure jellies
  3 revenants
  A daeva (Abyss:3)
  2 ghost moths (Spider:4)
  A balrug (Abyss:3)
  13 frost giants
  3 emperor scorpions
  15 fire giants
  7 deep elf sorcerers
  An orc warlord (Orc:2)
  A draconian zealot (Depths:5)
  4 iron dragons
  A draconian scorcher (Depths:5)
  13 vault wardens
  A cacodemon (Depths:5)
  2 reapers
  Aizul (Depths:1)
  A curse skull (Crypt:3)
  Louise (Swamp:4)
  3 deep elf elementalists (Elf:3)
  10 ironheart preservers
  A draconian annihilator (Abyss:3)
  A war gargoyle (Vaults:4)
  4 spriggan defenders
  6 ghouls
  14 large abominations
  28 stone giants
  15 very ugly things
  2 juggernaut skeletons
  6 bennus
  8 deep elf annihilators
  6 deep elf demonologists
  5 entropy weavers
  8 vampire knights
  A black draconian (Depths:5)
  A red draconian (Depths:5)
  A green draconian (Depths:5)
  A purple draconian (Depths:5)
  A lorocyproca (Abyss:1)
  Azrael (D:13)
  4 eidola
  17 spark wasps
  12 ettins
  8 mummy priests
  21 death oozes
  10 deep elf death magi
  8 fire dragons
  A fire dragon (shapeshifter) (Vaults:5)
  A minotaur (Lab)
  8 jiangshi
  A merfolk impaler (Depths:1)
  The ghost of Leybi the Grappler, a journeyman TrBe of Trog (Orc:1)
  10 great orbs of eyes
  14 yaktaur captains
  8 deep elf high priests
  2 ghost crabs
  16 ice dragons
  16 hydras
  4 rakshasas
  32 vault guards
  3 spriggan air magi
  A ghost crab (shapeshifter) (Depths:4)
  2 catoblepae
  5 death knights
  6 alligators
  19 small abominations
  15 dancing weapons
  6 deep troll shamans
  12 ogre magi
  12 centaur warriors
  A hell hog (Abyss:3)
  6 tengu warriors
  A hell hog (shapeshifter) (Depths:3)
  4 orc high priests (Orc:2)
  26 death scarabs
  6 vampire magi
  6 deep troll earth magi
  7 thrashing horrors
  4 spriggan berserkers
  4 hell knights (Depths:1)
  7 wretched stars
  10 deep elf knights
  3 spatial maelstroms (Abyss:3)
  A storm dragon zombie (Crypt:1)
  A sun demon (Abyss:3)
  A fire crab (shapeshifter) (D:15)
  A soul eater (Crypt:1)
  2 titan skeletons
  Nergalle (Lair:2)
  A salamander mystic (Depths:2)
  5 unseen horrors
  An iron giant zombie (Crypt:3)
  59 skeletal warriors
  3 iron trolls
  A sixfirhy (Abyss:2)
  2 storm dragon skeletons (Crypt:3)
  30 deep trolls
  An entropy weaver zombie (Vaults:3)
  6 glowing orange brains
  4 shambling mangroves (Swamp:4)
  9 shadow wraiths
  2 spriggan druids
  A ghost moth zombie (Crypt:3)
  7 swamp dragons
  5 wizards
  14 hill giants
  11 flayed ghosts
  12 phantasmal warriors
  A shadow dragon zombie (Crypt:2)
  17 orc knights
  A golden dragon skeleton (Crypt:3)
  11 deep elf archers
  A lindwurm (Lair:6)
  9 harpies
  7 necromancers
  30 wolf spiders
  6 ironbrand convokers
  An anaconda skeleton (Crypt:3)
  2 tengu zombies (Depths:3)
  36 ugly things
  15 orb spiders
  A manticore (D:15)
  A stone giant zombie (Vaults:3)
  51 deep elf magi
  A hell hog skeleton (Crypt:3)
  3 oklob plants (Lair:5)
  96 slime creatures
  A moth of wrath (Spider:2)
  A shining eye (Slime:5)
  An iron dragon skeleton (Abyss:2)
  5 orc sorcerers
  4 salamanders (Depths:2)
  A guardian serpent (Abyss:3)
  3 frost giant skeletons
  4 cyclopes
  A fire giant skeleton (Crypt:3)
  2 ice statues
  3 guardian serpents (shapeshifter)
  An eye of devastation (shapeshifter) (Depths:5)
  5 black mambas
  7 smoke demons
  A stone giant skeleton (Crypt:3)
  A torpor snail (shapeshifter) (Vaults:5)
  A titan simulacrum (Crypt:3)
  16 vault sentinels
  2 eyes of devastation
  3 dire elephant skeletons
  2 torpor snails
  Psyche (D:9)
  A gargoyle (D:13)
  2 kobold demonologists
  2 orange demons
  An emperor scorpion zombie (Crypt:1)
  A pale draconian zombie (Crypt:3)
  2 shock serpent skeletons
  4 tengu conjurers
  19 spiny frogs
  12 freezing wraiths
  53 yaktaurs
  A yaktaur (shapeshifter) (Abyss:3)
  5 komodo dragons
  An ice devil (Depths:5)
  7 ancient zymes
  A catoblepas skeleton (Crypt:3)
  9 rime drakes
  3 efreet
  A queen bee (D:14)
  9 demonic crawlers
  4 red devils
  A tormentor (Abyss:3)
  12 trolls
  2 hellwings (Depths:5)
  16 guardian mummies
  A silent spectre (Abyss:3)
  5 tyrant leeches
  A death drake zombie (Crypt:3)
  8 meliai
  33 jumping spiders
  27 hornets
  A meliai (shapeshifter) (Abyss:3)
  2 two-headed ogres (shapeshifter)
  A merfolk (D:11)
  28 two-headed ogres
  25 polar bears
  9 bog bodies
  A minotaur skeleton (Crypt:3)
  Prince Ribbit (D:9)
  2 stone giant simulacra
  6 hippogriffs
  17 blink frogs
  2 harpy skeletons (Crypt:3)
  2 hydra skeletons
  A raiju (shapeshifter) (D:10)
  15 raiju
  4 dream sheep (Lair:4)
  A dream sheep (shapeshifter) (Vaults:3)
  A frost giant simulacrum (Tomb:1)
  A fire dragon zombie (Crypt:3)
  Sigmund (D:3)
  An alligator skeleton (Tomb:2)
  10 air elementals
  24 flying skulls
  8 ynoxinuls
  An ettin skeleton (Crypt:1)
  64 redbacks
  23 spriggans
  3 vampires
  2 water elementals (Depths:1)
  3 yaks (shapeshifter)
  11 ushabtiu
  3 fire elementals
  27 tarantellas
  29 starcursed masses
  4 shadows
  3 spriggan skeletons
  76 yaks
  A basilisk (shapeshifter) (Vaults:4)
  2 fire bats (Depths:2)
  A hog (shapeshifter) (Vaults:5)
  A human (shapeshifter) (Vaults:1)
  18 humans (D:13)
  10 wraiths
  3 wyverns
  4 neqoxecs
  3 basilisks
  5 chaos spawn
  3 human simulacra
  2 hungry ghosts
  2 mottled dragons (Vaults:2)
  17 vampire mosquitoes
  4 wargs
  19 insubstantial wisps
  2 spatial vortices (Abyss:3)
  A water nymph zombie (Crypt:2)
  A water moccasin (shapeshifter) (Vaults:4)
  A floating eye (shapeshifter) (Depths:3)
  16 swamp worms
  8 porcupines
  3 floating eyes
  5 hell hounds
  11 water moccasins
  A snapping turtle zombie (Crypt:3)
  A black bear (shapeshifter) (Vaults:3)
  57 orc warriors
  5 ice beasts
  8 black bears
  11 swamp drakes
  5 eyes of draining
  An eye of draining (shapeshifter) (Depths:2)
  7 sky beasts
  5 boggarts
  57 ogres
  A phantom (D:11)
  32 wolves
  A dream sheep skeleton (Crypt:3)
  A manticore skeleton (Crypt:2)
  26 centaurs
  8 crocodiles
  A draconian zombie (Crypt:2)
  3 elf zombies (Ossuary)
  19 bullfrogs
  Blork the orc (D:5)
  A draconian skeleton (Crypt:3)
  A gnoll sergeant (Orc:1)
  A hell hound zombie (Crypt:2)
  A wyvern zombie (D:9)
  5 earth elementals
  7 scorpions
  A polar bear zombie (Crypt:2)
  22 killer bees (D:14)
  9 wights
  2 electric eels
  2 howler monkeys
  A yak skeleton (Crypt:3)
  A polar bear skeleton (Crypt:1)
  6 crimson imps
  8 quasits
  5 centaur zombies
  5 hounds
  3 iron imps
  7 jellies
  4 human zombies
  3 bullfrog skeletons
  28 orc priests
  5 centaur skeletons
  42 orc wizards
  A human skeleton (Crypt:3)
  A hell rat (shapeshifter) (Depths:4)
  5 iguanas
  9 worker ants
  3 big kobold zombies
  A deep dwarf zombie (Crypt:2)
  A felid zombie (Crypt:3)
  A tengu skeleton (Crypt:3)
  A hound zombie (Crypt:1)
  2 hound skeletons
  49 mummies
  A howler monkey zombie (Crypt:1)
  A worker ant zombie (D:6)
  Robin (D:3)
  4 gnolls (D:5)
  A swamp drake zombie (Crypt:1)
  8 adders
  4 shadow imps
  2 white imps
  2 ufetubi (Depths:5)
  2 oozes
  2 adder skeletons
  An adder zombie (D:7)
  2 worms (D:2)
  3 dart slugs
  3 leopard geckos
  129 orcs
  4 ball pythons
  A bat (shapeshifter) (Vaults:5)
  3 bats
  6 giant cockroaches
  12 goblins
  10 hobgoblins
  3 jackals (D:6)
  5 quokkas
  3 frilled lizards
  A goblin zombie (Ossuary)
  13 hobgoblin zombies (Ossuary)
  A jackal zombie (Ossuary)
  8 kobolds
  6 kobold zombies (Ossuary)
  6 orc zombies (Ossuary)
  A quokka skeleton (D:4)
  A quokka zombie (Crypt:1)
  7 rats
  2 rat zombies (Ossuary)
  10 briar patches (Swamp:4)
  4 crawling corpses (Elf:3)
  6 fungi
  2 plants (Lair:6)
  15 starspawn tentacles
2820 creatures vanquished.

Vanquished Creatures (collateral kills)
  A titan (Depths:3)
  Asterion (Vaults:1)
  4 acid blobs (Slime:5)
  A tengu reaver (Depths:4)
  A shadow dragon (Depths:3)
  A fire giant (Depths:4)
  3 azure jellies (Slime:5)
  A ghost moth (Spider:4)
  3 spark wasps (Spider:4)
  3 death oozes (Slime:5)
  A yaktaur captain (Depths:3)
  An iron troll (Depths:3)
  2 spriggans
  A skeletal warrior (D:8)
  2 yaktaurs (Depths:3)
  A meliai (D:14)
  3 hornets
  2 yaks (Lair:3)
  A swamp drake (Swamp:4)
  A killer bee (D:14)
  An orc (D:14)
35 creatures vanquished.

Vanquished Creatures (others)
  A greater mummy (Tomb:1)
  3 death scarabs (Tomb:1)
  2 alligators (Swamp:4)
  3 skeletal warriors
  An orb spider (Spider:4)
  A starcursed mass (Abyss:3)
  A jumping spider (Spider:4)
  A tyrant leech (Swamp:1)
  9 flying skulls (Tomb:2)
  A warg (Depths:1)
  A swamp drake (Swamp:4)
  An ogre (Depths:1)
  A boggart (Depths:1)
  A jelly (D:15)
  An orc wizard (Vaults:5)
  A mummy (Tomb:1)
  An orc (Orc:2)
  A crawling corpse (Elf:3)
  4 fungi
  2 lurking horrors
  28 plants
  10 starspawn tentacles
75 creatures vanquished.

Grand Total: 2930 creatures vanquished

Notes
Turn   | Place    | Note
-------+----------+-------------------------------------------
     0 | D:1      | Gravenous the Minotaur Berserker began the quest for the Orb.
     0 | D:1      | Reached XP level 1. HP: 19/19 MP: 0/0
   201 | D:1      | Reached XP level 2. HP: 23/27 MP: 1/1
   499 | D:2      | Reached XP level 3. HP: 33/33 MP: 2/2
   789 | D:2      | Reached ** piety under Trog
   933 | D:2      | Found an ancient bone altar of Kikubaaqudgha.
   933 | D:2      | Noticed a human
   983 | D:3      | Noticed Sigmund
   998 | D:3      | Killed Sigmund
   998 | D:3      | Reached skill level 5 in Fighting
   998 | D:3      | Reached XP level 4. HP: 42/42 MP: 3/3
   998 | D:3      | Reached XP level 5. HP: 48/48 MP: 4/4
  1074 | D:3      | You fall through a shaft for 2 floors!
  1074 | D:5      | Entered Level 5 of the Dungeon
  1074 | D:5      | Noticed a dagger
  1074 | D:5      | Noticed a dagger
  1074 | D:5      | Noticed Blork the orc
  1082 | D:5      | Killed Blork the orc
  1082 | D:5      | Reached XP level 6. HP: 56/56 MP: 5/5
  1107 | D:5      | Found a hide-covered altar of Uskayaw.
  1120 | D:5      | Noticed an ice beast
  1130 | D:5      | Killed an ice beast
  1495 | D:5      | Noticed an orc warrior
  1511 | D:5      | Killed an orc warrior
  1511 | D:5      | Reached skill level 5 in Armour
  1511 | D:5      | Reached XP level 7. HP: 62/62 MP: 6/6
  1797 | D:4      | Found a staircase to the Ecumenical Temple.
  1807 | D:4      | Reached *** piety under Trog
  2015 | D:3      | Noticed Robin
  2034 | D:3      | Killed Robin
  2532 | D:5      | Reached XP level 8. HP: 71/71 MP: 7/7
  2558 | D:5      | Reached **** piety under Trog
  2952 | D:6      | Found a sand-covered staircase.
  2958 | Ossuary  | Entered an ossuary
  3077 | Ossuary  | Reached ***** piety under Trog
  3107 | Ossuary  | Reached skill level 10 in Axes
  3923 | D:7      | Reached XP level 9. HP: 81/81 MP: 8/8
  3929 | D:7      | Received a gift from Trog
  3932 | D:7      | Got an ancient battleaxe {god gift}
  3933 | D:7      | Identified the +8 battleaxe "Anatief" {venom, MR+ SInv} (Trog gifted it to you on level 7 of the Dungeon)
  4007 | D:7      | Found a bloodstained altar of Trog.
  4609 | D:7      | Found Kaprosch's Antique Weapon Shoppe.
  5037 | D:8      | Received a gift from Trog
  5037 | D:8      | Reached XP level 10. HP: 88/91 MP: 9/9
  5198 | D:8      | Found Evakh's Antique Weapon Emporium.
  5211 | D:8      | Noticed a skeletal warrior
  5219 | D:8      | Killed a skeletal warrior
  5220 | D:8      | Noticed a skeletal warrior
  5220 | D:8      | Noticed a skeletal warrior
  5238 | D:8      | Killed a skeletal warrior
  5239 | D:8      | Killed a skeletal warrior
  5322 | D:8      | Noticed a skeletal warrior
  5329 | D:8      | Killed a skeletal warrior
  5329 | D:8      | Reached skill level 10 in Fighting
  5361 | D:8      | Noticed a skeletal warrior
  5377 | D:8      | Killed a skeletal warrior
  5377 | D:8      | Reached skill level 10 in Armour
  5758 | D:9      | Noticed Psyche
  6027 | D:9      | Killed Psyche
  6030 | D:9      | Found a staircase to the Lair.
  6124 | Lair:1   | Entered Level 1 of the Lair of Beasts
  6211 | Lair:1   | Noticed a black mamba
  6218 | Lair:1   | Reached XP level 11. HP: 101/101 MP: 3/10
  6895 | Lair:2   | Noticed Nergalle
  6905 | Lair:2   | Killed Nergalle
  6905 | Lair:2   | Reached skill level 15 in Axes
  6990 | Lair:2   | Found a hole to the Spider Nest.
  7886 | Lair:3   | Noticed Rupert
  7900 | Lair:3   | Killed Rupert
  7900 | Lair:3   | Reached XP level 12. HP: 110/110 MP: 3/11
  8744 | Lair:4   | Noticed a six-headed hydra
  8754 | Lair:4   | Killed a six-headed hydra
  8944 | Lair:4   | Found a staircase to the Swamp.
  9417 | Lair:5   | Noticed a seven-headed hydra
  9425 | Lair:5   | Killed a seven-headed hydra
  9492 | Lair:5   | Found a staircase to the Slime Pits.
  9869 | Lair:6   | Entered Level 6 of the Lair of Beasts
  9891 | Lair:6   | Reached XP level 13. HP: 96/116 MP: 12/12
  9903 | Lair:6   | Received a gift from Trog
  9944 | Lair:6   | Reached ****** piety under Trog
 10705 | Lair:6   | Reached skill level 5 in Dodging
 10842 | Lair:6   | Received a gift from Trog
 11613 | D:9      | Noticed Prince Ribbit
 11620 | D:9      | Killed Prince Ribbit
 11812 | D:9      | Found Qemu's Assorted Antiques.
 11831 | D:9      | Bought a scroll labeled MINTAK OGOM for 22 gold pieces
 11857 | D:9      | Found a shattered altar of Ashenzari.
 11962 | D:10     | Entered Level 10 of the Dungeon
 12708 | D:11     | Received a gift from Trog
 13164 | D:12     | Reached XP level 14. HP: 112/130 MP: 13/13
 13237 | D:12     | Found a staircase to the Orcish Mines.
 13269 | Orc:1    | Entered Level 1 of the Orcish Mines
 13330 | Orc:1    | Received a gift from Trog
 13643 | Orc:2    | Entered Level 2 of the Orcish Mines
 13834 | Orc:1    | Noticed Leybi's ghost (journeyman TrBe)
 14065 | Orc:1    | Killed Leybi's ghost
 14465 | Orc:1    | Received a gift from Trog
 14777 | Orc:2    | Found a staircase to the Elven Halls.
 15066 | Orc:2    | Noticed an orc warlord
 15084 | Orc:2    | Killed an orc warlord
 15319 | Orc:2    | Reached skill level 10 in Dodging
 15346 | Orc:2    | Received a gift from Trog
 15472 | Orc:2    | Found Muachag's Antique Armour Shoppe.
 15473 | Orc:2    | Found Ruadwomp's Antique Weapon Shoppe.
 15475 | Orc:2    | Found Axiepnol's General Store.
 15475 | Orc:2    | Found Lacuocol's Jewellery Emporium.
 15531 | Orc:2    | Bought an uncursed amulet of regeneration for 300 gold pieces
 15531 | Orc:2    | Bought an uncursed ring of protection from fire for 250 gold pieces
 15540 | Orc:2    | Bought a dazzling chain mail for 285 gold pieces
 15540 | Orc:2    | Identified the +2 chain mail of Biaruel {Slay+6} (You bought it in a shop on level 2 of the Orcish Mines)
 15927 | D:13     | Noticed Azrael
 15946 | D:13     | Killed Azrael
 16133 | D:13     | Received a gift from Trog
 16552 | D:14     | Reached XP level 15. HP: 137/137 MP: 14/14
 16562 | D:14     | Found a labyrinth entrance.
 16570 | Lab      | Entered a labyrinth
 16715 | Lab      | Identified the Reference Book on Poisoning and Dark Arts
 16841 | D:14     | Received a gift from Trog
 17776 | D:15     | Entered Level 15 of the Dungeon
 17841 | D:15     | Received a gift from Trog
 18272 | D:15     | Found a staircase to the Depths.
 18314 | D:15     | Found a frozen archway.
 18403 | IceCv    | Entered an ice cave
 18912 | IceCv    | Noticed a frost giant
 18925 | IceCv    | Killed a frost giant
 19249 | D:15     | Received a gift from Trog
 20058 | Swamp:1  | Entered Level 1 of the Swamp
 20070 | Swamp:1  | Noticed a thorn hunter
 20471 | Swamp:1  | Killed a thorn hunter
 20679 | Swamp:1  | Noticed Donald
 20696 | Swamp:1  | Killed Donald
 20848 | Swamp:1  | You fall through a shaft!
 20896 | Swamp:2  | Reached XP level 16. HP: 109/145 MP: 15/15
 21324 | Swamp:1  | Received a gift from Trog
 22145 | Swamp:2  | Received a gift from Trog
 23356 | Swamp:3  | Received a gift from Trog
 23417 | Swamp:3  | Noticed a thorn hunter
 23432 | Swamp:3  | Killed a thorn hunter
 23837 | Swamp:4  | Entered Level 4 of the Swamp
 24548 | Swamp:4  | Noticed Louise
 24552 | Swamp:4  | Reached skill level 1 in Crossbows
 24576 | Swamp:4  | Killed Louise
 24837 | Swamp:4  | Gained mutation: You are robust. (+10% HP) [potion of beneficial mutation]
 25079 | Swamp:4  | Noticed a thorn hunter
 25092 | Swamp:4  | Killed a thorn hunter
 25137 | Swamp:4  | Received a gift from Trog
 25265 | Swamp:4  | Got a decaying rune of Zot
 25295 | Swamp:4  | Noticed a thorn hunter
 25306 | Swamp:4  | Killed a thorn hunter
 25517 | Swamp:4  | Reached XP level 17. HP: 105/169 MP: 16/16
 25739 | Spider:1 | Entered Level 1 of the Spider Nest
 25749 | Spider:1 | Reached skill level 15 in Fighting
 26304 | Spider:1 | Reached skill level 5 in Crossbows
 26741 | Spider:2 | Got a faintly glowing plate armour
 26755 | Spider:2 | Identified the +2 plate armour "Neloog" {rN+} (You found it on level 2 of the Spider Nest)
 27359 | Spider:3 | Received a gift from Trog
 27458 | Spider:3 | Got an ebony battleaxe {god gift}
 27461 | Spider:3 | Identified the +9 battleaxe of Mourning {flame, rF+ rC+} (Trog gifted it to you on level 3 of the Spider Nest)
 27645 | Spider:4 | Entered Level 4 of the Spider Nest
 27666 | Spider:4 | Noticed Arachne
 27689 | Spider:4 | Killed Arachne
 28289 | Spider:4 | Reached skill level 15 in Armour
 28695 | Spider:4 | Received a gift from Trog
 28874 | Spider:4 | Received a gift from Trog
 29132 | Spider:4 | Reached XP level 18. HP: 134/187 MP: 0/17
 29139 | Spider:4 | Received a gift from Trog
 29319 | Spider:4 | Got a gossamer rune of Zot
 30104 | D:13     | Found a gate to the Vaults.
 30165 | Vaults:1 | Entered Level 1 of the Vaults
 30281 | Vaults:1 | Noticed Asterion
 30294 | Vaults:1 | Killed Asterion
 30847 | Vaults:1 | Noticed Jorgrun
 30878 | Vaults:1 | Received a gift from Trog
 30899 | Vaults:1 | Killed Jorgrun
 31802 | Vaults:2 | Found a staircase to the Crypt.
 31802 | Vaults:2 | Found an ancient bone altar of Kikubaaqudgha.
 31803 | Vaults:2 | Found a basalt altar of Yredelemnul.
 31807 | Vaults:2 | Received a gift from Trog
 31981 | Vaults:2 | Noticed Boris
 32005 | Vaults:2 | Killed Boris
 32113 | Vaults:2 | Found Hedumoh's Magic Scroll Shop.
 32121 | Vaults:2 | Bought a scroll of acquirement for 936 gold pieces
 32123 | Vaults:2 | Got a pair of warped gloves
 32134 | Vaults:2 | Identified the -5 pair of gloves "Sanoukk" {+Inv rF+++ rCorr Slay-3} (You acquired it on level 2 of the Vaults)
 32223 | Vaults:2 | Noticed a tentacled monstrosity
 32244 | Vaults:2 | Killed a tentacled monstrosity
 32244 | Vaults:2 | Reached XP level 19. HP: 150/203 MP: 6/18
 32880 | Vaults:2 | Received a gift from Trog
 33981 | Vaults:3 | Received a gift from Trog
 34158 | Vaults:3 | Noticed Jory
 34170 | Vaults:3 | Killed Jory
 35182 | Vaults:4 | Received a gift from Trog
 35429 | Vaults:4 | Received a gift from Trog
 35541 | Vaults:4 | Found Itaugo Xag's Antique Weapon Boutique.
 35691 | Vaults:4 | Received a gift from Trog
 35941 | Vaults:4 | Noticed Mara
 35952 | Vaults:4 | Noticed Gravenous's illusion
 36112 | Vaults:4 | Reached XP level 20. HP: 208/222 MP: 6/19
 36274 | Vaults:4 | Received a gift from Trog
 36435 | Vaults:4 | Killed Mara
 36717 | Depths:1 | Entered Level 1 of the Depths
 36888 | Depths:1 | Received a gift from Trog
 36923 | Depths:1 | Found a gateway to Hell.
 37219 | Depths:1 | Noticed Aizul
 37313 | Depths:1 | Killed Aizul
 37633 | Depths:1 | Paralysed by a floating eye for 2 turns
 37756 | Depths:1 | Noticed Saint Roka
 37792 | Depths:1 | Killed Saint Roka
 37863 | Depths:1 | Found Suynk's Island Escapes.
 38031 | Depths:1 | Bought a scroll of fog for 44 gold pieces
 38031 | Depths:1 | Bought a scroll of teleportation for 66 gold pieces
 38031 | Depths:1 | Bought a scroll of fog for 44 gold pieces
 38189 | Depths:2 | Found a flickering gateway to a bazaar.
 38194 | Bazaar   | Entered a bazaar
 38194 | Bazaar   | Found Qeodgh's General Store.
 38194 | Bazaar   | Found Icatagre's General Store.
 38215 | Bazaar   | Found Wemaf's General Store.
 38215 | Bazaar   | Found Koawuunn's General Store.
 38226 | Bazaar   | Bought the +8 plate armour "Pyhidda" {rF+ rC+++ Int-3} for 936 gold pieces
 38248 | Bazaar   | Found Bup Yton's General Store.
 38248 | Bazaar   | Found Tezxiss's General Store.
 38270 | Bazaar   | Found Qenig's General Store.
 38270 | Bazaar   | Found Issiwnud's General Store.
 38277 | Bazaar   | Bought a scroll of enchant weapon for 67 gold pieces
 38277 | Bazaar   | Bought a scroll of blinking for 67 gold pieces
 38277 | Bazaar   | Bought a scroll of fear for 31 gold pieces
 38277 | Bazaar   | Bought a potion of curing for 27 gold pieces
 38300 | Bazaar   | Bought 2 potions of haste for 300 gold pieces
 38300 | Bazaar   | Bought a scroll of recharging for 142 gold pieces
 38355 | Depths:2 | Received a gift from Trog
 38378 | Depths:2 | Found a sparkling altar of Nemelex Xobeh.
 38537 | Depths:2 | Found Deisuv's Jewellery Emporium.
 38564 | Depths:2 | Found Efot's Weapon Shoppe.
 39166 | Depths:2 | Noticed a golden dragon
 39184 | Depths:2 | Killed a golden dragon
 39184 | Depths:2 | Reached skill level 10 in Crossbows
 39261 | Depths:2 | Reached XP level 21. HP: 190/231 MP: 6/20
 39326 | Depths:2 | Got a heavily runed amber ring
 39330 | Depths:2 | Identified the cursed ring "Vethruz" {+Blink Str-3 Dex+4 SInv} (You found it on level 2 of the Depths)
 39625 | Depths:2 | Received a gift from Trog
 39657 | Depths:3 | Paralysed by a great orb of eyes for 7 turns
 39678 | Depths:3 | Found a one-way gate to the infinite horrors of the Abyss.
 39699 | Depths:3 | Found a one-way gate leading to the halls of Pandemonium.
 39946 | Depths:3 | Received a gift from Trog
 41141 | Depths:3 | Received a gift from Trog
 41443 | Depths:3 | Reached skill level 15 in Dodging
 41513 | Depths:3 | Paralysed by a floating eye for 4 turns
 41950 | Depths:4 | Found a gateway to a ziggurat.
 42004 | Depths:4 | Received a gift from Trog
 42178 | Depths:4 | Reached XP level 22. HP: 237/242 MP: 7/21
 42185 | Depths:4 | Reached skill level 15 in Crossbows
 42223 | Depths:4 | Noticed a caustic shrike
 42270 | Depths:4 | Killed a caustic shrike
 42271 | Depths:4 | Noticed a caustic shrike
 42281 | Depths:4 | Killed a caustic shrike
 42608 | Depths:4 | Noticed a golden dragon
 42622 | Depths:4 | Killed a golden dragon
 42704 | Depths:4 | Received a gift from Trog
 43054 | Depths:5 | Entered Level 5 of the Depths
 43804 | Depths:5 | Noticed a golden dragon
 43813 | Depths:5 | Killed a golden dragon
 44165 | Depths:5 | Received a gift from Trog
 44256 | Depths:5 | Found a gate to the Realm of Zot.
 44688 | Vaults:5 | Entered Level 5 of the Vaults
 44814 | Vaults:5 | Reached XP level 23. HP: 220/248 MP: 7/22
 45240 | Vaults:4 | Received a gift from Trog
 45642 | Vaults:5 | Received a gift from Trog
 46359 | Vaults:5 | Got a silver rune of Zot
 46361 | Vaults:5 | Got a pair of slimy boots
 46561 | Vaults:5 | Got a faintly glowing bronze ring
 46562 | Vaults:5 | Identified the ring "Ukichust" {*Drain rElec rPois Dex+2 SInv} (You found it on level 5 of the Vaults)
 46563 | Vaults:5 | Identified the cursed +0 pair of boots "Qeuhu" {+Inv} (You found it on level 5 of the Vaults)
 46681 | Vaults:5 | Paralysed by a sphinx for 7 turns
 46924 | Vaults:5 | Received a gift from Trog
 47356 | Vaults:5 | Got a transparent hat
 47363 | Vaults:5 | Identified the cursed +0 hat of the Skies Above {MR++ Dex+7} (You found it on level 5 of the Vaults)
 47719 | Elf:1    | Entered Level 1 of the Elven Halls
 47853 | Elf:1    | Reached XP level 24. HP: 258/258 MP: 7/22
 47970 | Elf:1    | Noticed Nikola
 47982 | Elf:1    | Killed Nikola
 48029 | Elf:1    | Received a gift from Trog
 48689 | Elf:2    | Found a runed gate.
 48689 | Elf:2    | Found a runed gate.
 48692 | Elf:2    | Found a runed gate.
 48909 | Elf:3    | Entered Level 3 of the Elven Halls
 48955 | Elf:3    | Found Gyjyivy's Quality Used Wands.
 49050 | Elf:3    | Received a gift from Trog
 49484 | Elf:3    | Received a gift from Trog
 49593 | Elf:3    | Got a coiled bone ring
 49721 | Elf:3    | Got a crude sapphire amulet
 49740 | Elf:3    | Got a scintillating platinum ring
 49742 | Elf:3    | Identified the Reference Book on Hurtful Lightness
 49754 | Elf:3    | Identified the Volume of the Evil Blaze
 49763 | Elf:3    | Identified the amulet of the Trout {RegenMP +Fly rC+ MR+ Int-3} (You found it on level 3 of the Elven Halls)
 49764 | Elf:3    | Identified the ring "Jabuesate" {*Drain +Blink rN+++ Int-3 Stlth+} (You took it off a deep elf high priest on level 3 of the Elven Halls)
 49765 | Elf:3    | Identified the ring of Ufoisela {-Tele rElec EV+3 Dex+2} (You found it on level 3 of the Elven Halls)
 50361 | Depths:3 | Voluntarily entered the Abyss.
 50620 | Abyss:1  | Gained mutation: Your magical capacity is low. (-10% MP) [a neqoxec]
 50657 | Abyss:1  | Received a gift from Trog
 50667 | Abyss:1  | Got a vibrating amber ring
 50691 | Abyss:1  | Found a snail-covered altar of Cheibriados.
 50916 | Abyss:2  | Found a roughly hewn altar of Beogh.
 51007 | Abyss:2  | Identified the ring "Fiuty" {rPois rN+} (You found it on level 1 of the Abyss)
 51093 | Abyss:2  | Got a transparent amber ring
 51446 | Abyss:3  | Received a gift from Trog
 51689 | Abyss:3  | Received a gift from Trog
 51867 | Abyss:3  | Reached XP level 25. HP: 267/267 MP: 6/19
 52163 | Abyss:3  | Received a gift from Trog
 52181 | Abyss:3  | Got an abyssal rune of Zot
 52315 | Depths:3 | Escaped the Abyss
 52323 | Depths:3 | Identified the ring of Teizxarari {+Fly rC+ Dex+3} (You found it on level 2 of the Abyss)
 52738 | Slime:1  | Entered Level 1 of the Pits of Slime
 52885 | Slime:2  | Received a gift from Trog
 52990 | Slime:5  | Entered Level 5 of the Pits of Slime
 53232 | Slime:5  | Received a gift from Trog
 53258 | Slime:4  | Paralysed by a floating eye for 4 turns
 53444 | Slime:5  | Noticed the Royal Jelly
 53617 | Slime:5  | Found a viscous altar of Jiyva.
 53972 | Slime:5  | Killed the Royal Jelly
 54068 | Slime:5  | Got a coiled bone amulet
 54126 | Slime:5  | Got a slimy rune of Zot
 54135 | Slime:5  | Identified the amulet "Esidiepp" {Faith SInv} (You found it on level 5 of the Pits of Slime)
 54244 | Slime:5  | Identified a +3 rod of clouds (13/13) (You took it off a deep elf high priest on level 3 of the Elven Halls)
 54245 | Slime:5  | Identified a +3 rod of ignition (11/11) (You found it on level 1 of the Abyss)
 54549 | Temple   | Entered the Ecumenical Temple
 54583 | Temple   | Fell from the grace of Trog
 54583 | Temple   | Became a worshipper of the Shining One
 54590 | Temple   | Learned a level 2 spell: Blink
 54593 | Temple   | Learned a level 2 spell: Repel Missiles
 54904 | Crypt:1  | Entered Level 1 of the Crypt
 54986 | Crypt:1  | Reached * piety under the Shining One
 55406 | Crypt:1  | Reached ** piety under the Shining One
 55745 | Crypt:2  | Reached *** piety under the Shining One
 55827 | Crypt:2  | Reached **** piety under the Shining One
 55986 | Crypt:2  | Reached ***** piety under the Shining One
 56761 | Crypt:2  | Paralysed by Trog for 2 turns
 56812 | Crypt:3  | Entered Level 3 of the Crypt
 56844 | Crypt:3  | Reached XP level 26. HP: 77/274 MP: 6/19
 57132 | Crypt:3  | Reached ****** piety under the Shining One
 57341 | Crypt:3  | Found a basalt altar of Yredelemnul.
 57365 | Crypt:3  | Noticed an ancient lich
 57393 | Crypt:3  | Killed an ancient lich
 57417 | Crypt:3  | Got a bound jade ring
 57423 | Crypt:3  | Identified the Compendium of Sinister Secrets
 57431 | Crypt:3  | Got a transparent steel ring
 57431 | Crypt:3  | Got a wavering tin ring
 57432 | Crypt:3  | Identified the ring "Aracwaad" {rElec rN+ MR++ Str-3 Slay+2} (You found it on level 3 of the Crypt)
 57433 | Crypt:3  | Identified the ring of Urghohump {rC+ rN+ Int+3} (You found it on level 3 of the Crypt)
 57521 | Crypt:3  | Reached skill level 1 in Invocations
 57762 | Crypt:3  | Reached skill level 5 in Invocations
 57946 | Crypt:3  | Identified a +7 triple crossbow of holy wrath (a +5 triple crossbow of flaming blessed by the Shining One)
 57946 | Crypt:3  | Received a gift from the Shining One
 58070 | Crypt:3  | Identified the ring "Gif Opsa" {rPois rN+ Int-4 SInv} (You found it on level 3 of the Crypt)
 58114 | Crypt:3  | Identified the Incunabulum of Dislocated Ignition
 58201 | Crypt:3  | Found a staircase to the Tomb.
 58218 | Tomb:1   | Entered Level 1 of the Tomb of the Ancients
 58271 | Tomb:1   | Identified Sif Muna's Grimoire of the Snowflakes and Confrontation
 58395 | Tomb:1   | Paralysed by Trog for 2 turns
 58657 | Tomb:1   | Noticed a greater mummy
 58665 | Tomb:1   | Killed a greater mummy
 58677 | Tomb:1   | Reached skill level 10 in Invocations
 58704 | Tomb:1   | Paralysed by Trog for 4 turns
 59336 | Tomb:2   | Noticed Mennas
 59338 | Tomb:2   | Noticed a greater mummy
 59338 | Tomb:2   | Noticed a greater mummy
 59338 | Tomb:2   | Noticed a greater mummy
 59338 | Tomb:2   | Noticed a greater mummy
 59368 | Tomb:1   | Killed Mennas
 59726 | Tomb:1   | The Shining One protects you from harm!
 59729 | Tomb:1   | Killed a greater mummy
 59729 | Tomb:1   | Killed a greater mummy
 59983 | Tomb:2   | Killed a greater mummy
 60099 | Tomb:1   | Killed a greater mummy
 60099 | Tomb:1   | Reached XP level 27. HP: 129/261 MP: 9/28
 60835 | Tomb:1   | Noticed a greater mummy
 60838 | Tomb:1   | Noticed a greater mummy
 60838 | Tomb:1   | Noticed a greater mummy
 60838 | Tomb:1   | Noticed a greater mummy
 60839 | Tomb:1   | Killed a greater mummy
 60840 | Tomb:1   | Noticed a greater mummy
 60846 | Tomb:1   | Noticed a greater mummy
 60847 | Tomb:1   | Noticed a greater mummy
 60848 | Tomb:1   | Noticed a greater mummy
 60853 | Tomb:1   | Killed a greater mummy
 60854 | Tomb:1   | HP: 2/255 [death scarab (14)]
 60854 | Tomb:1   | Killed from afar by a greater mummy

Skill      XL: |  1  2  3  4  5  6  7  8  9 10 11 12 13 14 15 16 17 18 19 20 21 22 23 24 25 26 27 |
---------------+----------------------------------------------------------------------------------+-----
Axes           | 4 6 7 8 10 12 14 17 20 21 24 26 | 26.0
Armour         | 3 4 5 6 7 9 10 11 12 13 15 16 17 20 22 23 24 | 24.9
Fighting       | 4 5 6 7 9 10 11 13 14 17 20 22 23 | 23.0
Dodging        | 7 10 13 15 16 | 16.0
Crossbows      | 3 7 9 10 14 18 21 23 25 26 | 26.1
Invocations    | 12 13 | 13.9

Action                   |  1- 3 |  4- 6 |  7- 9 | 10-12 | 13-15 | 16-18 | 19-21 | 22-24 | 25-27 || total
-------------------------+-------+-------+-------+-------+-------+-------+-------+-------+-------++-------
Melee: Hand axe          |    79 |    33 |   463 |    17 |       |       |       |       |       ||   592
       Headbutt          |    11 |     6 |   107 |    86 |   240 |   286 |   354 |   383 |   437 ||  1910
       Broad axe         |       |       |       |   202 |       |       |       |       |       ||   202
       Battleaxe         |       |       |       |   147 |   839 |     2 |     3 |       |       ||   991
       Morningstar       |       |       |       |    12 |    12 |       |       |       |       ||    24
       Executioner's axe |       |       |       |       |   175 |  1153 |  1257 |  1288 |  1198 ||  5071
 Fire: Arbalest          |       |       |       |       |       |    39 |       |       |       ||    39
       Triple crossbow   |       |       |       |       |       |       |       |       |    52 ||    52
Invok: Berserk           |     2 |     2 |     6 |    11 |    10 |     7 |     1 |     1 |       ||    40
       Burn Spellbooks   |       |       |     1 |       |       |       |     1 |     1 |       ||     3
       Trog's Hand       |       |       |       |     3 |     3 |     3 |     3 |     5 |       ||    17
       Brothers in Arms  |       |       |       |     2 |     2 |     4 |     4 |     1 |     5 ||    18
       Cleansing Flame   |       |       |       |       |       |       |       |       |     2 ||     2
       Brand Weapon With |       |       |       |       |       |       |       |       |     1 ||     1
Evoke: Wand              |       |       |       |       |     2 |     2 |       |       |     1 ||     5
       Phantom mirror    |       |       |       |       |       |       |       |       |     1 ||     1
  Use: Scroll            |       |       |    19 |     9 |    10 |    15 |    11 |    25 |     7 ||    96
       Potion            |       |       |       |     2 |     6 |     3 |     5 |     9 |     3 ||    28
 Stab: Distracted        |       |       |       |       |     1 |       |     2 |       |       ||     3
       Confused          |       |       |       |       |       |     2 |       |       |       ||     2
       Held in net/web   |       |       |       |       |       |     1 |       |       |       ||     1
  Eat: Chunk             |     1 |     3 |    17 |    14 |    28 |    13 |    23 |    22 |       ||   121
       Fruit             |       |       |     1 |       |       |       |       |       |       ||     1
       Bread ration      |       |       |     1 |     3 |     5 |     7 |     3 |     3 |     8 ||    30
       Pizza             |       |       |       |       |       |       |       |     1 |       ||     1
Armor: Ring mail         |    32 |     5 |       |       |       |       |       |       |       ||    37
       Plate armour      |       |    10 |   285 |   280 |   510 |   763 |   666 |   680 |   588 ||  3782
Dodge: Dodged            |    57 |    18 |   132 |   142 |   507 |   718 |   733 |   878 |   996 ||  4181
